 Dungeon Crawl Stone Soup version 0.29.1-1-gd02db6906a (webtiles) character file.

Game seed: 9746133410823694880

58 dave1331 the Shield-Bearer (level 3, -2/36 HPs)
             Began as a Troll Fighter on Oct 4, 2022.
             Slain by a gnoll
             ... wielding a +0 spear
              (7 damage)
             ... on level 2 of the Dungeon.
             The game lasted 00:02:02 (1249 turns).

dave1331 the Shield-Bearer (Troll Fighter)          Turns: 1249, Time: 00:02:04

Health: -2/36      AC:  4    Str: 26    XL:     3   Next: 75%
Magic:  2/2        EV:  8    Int:  4    God:
Gold:   111        SH:  7    Dex:  9    Spells: 2/2 levels left

rFire   . . .      SeeInvis .   a - +0 war axe
rCold   . . .      Faith    .   c - +0 kite shield
rNeg    . . .      Spirit   .   b - +0 robe
rPois   .          Reflect  .   (helmet restricted)
rElec   .          Harm     .   (no cloak)
rCorr   .          Rampage  .   (gloves unavailable)
Will    .....                   (boots unavailable)
Stlth   +.........              (no amulet)
HPRegen 0.92/turn               (no ring)
MPRegen 0.08/turn               (no ring)

@: no status effects
A: large, unfitting armour, claws 3, regeneration 1, shaggy fur 1, tough skin 1
a: no special abilities


You were on level 2 of the Dungeon.
You visited 1 branch of the dungeon, and saw 2 of its levels.

You collected 111 gold pieces.

Inventory:

Hand Weapons
 a - a +0 war axe (weapon)
Armour
 b - a +0 robe (worn)
 c - a +0 kite shield (worn)
Jewellery
 m - a ring of protection from cold
Scrolls
 e - 2 scrolls of teleportation {unknown}
 f - a scroll of amnesia {unknown}
 g - 2 scrolls of vulnerability {unknown}
 j - a scroll of enchant armour {unknown}
 k - a scroll of enchant weapon {unknown}
 l - 2 scrolls of identify {unknown}
Potions
 d - a potion of might
 h - a potion of degeneration {unknown}
 i - 2 potions of flight {unknown}


   Skills:
 + Level 2.7 Fighting
 + Level 2.4 Axes
 + Level 2.7 Dodging
 + Level 3.1 Shields


You had 2 spell levels left.
You didn't know any spells.
Your spell library was empty.

Dungeon Overview and Level Annotations

Branches:
Dungeon (2/15)

Altars:
Xom


Innate Abilities, Weirdness & Mutations

You are too large for most types of armour.
You have claws for hands.
Your natural rate of healing is unusually fast.
You are covered in fur. (AC +1)
You have tough skin. (AC +1)


Message History

A gnoll comes into view. It is wielding a +0 spear.
A gnoll comes into view. It is wielding a +0 spear.
The gnoll shouts!
A gnoll comes into view. It is wielding a +0 flail.
The gnoll shouts!
The gnoll closely misses you. The gnoll hits you with a +0 spear.
A hobgoblin comes into view.
You barely miss the gnoll. The gnoll hits you with a +0 spear.
You closely miss the gnoll.
The hobgoblin shouts!
The gnoll hits you from afar with a +0 spear.
The gnoll hits you with a +0 spear.
The gnoll hits you from afar with a +0 spear.
A gnoll comes into view. It is wielding a +0 flail.
You barely miss the gnoll. You completely miss the gnoll.
The gnoll shouts!
The gnoll barely misses you. The gnoll hits you with a +0 spear.
You block the gnoll's attack. The gnoll barely misses you.
The gnoll hits you with a +0 spear.
You hit the gnoll but do no damage. You hit the gnoll. x2
You block the gnoll's attack. The gnoll barely misses you.
You block the gnoll's attack. The gnoll barely misses you.
The gnoll hits you with a +0 spear.
The hobgoblin hits you but does no damage.
The gnoll barely misses you.
You hit the gnoll.
The gnoll is moderately wounded.
You hit the gnoll. You slash the hobgoblin!
You kill the hobgoblin!
You barely miss the gnoll. You block the gnoll's attack.
The gnoll barely misses you. The gnoll hits you with a +0 spear.
You slash the gnoll!
You kill the gnoll!
You closely miss the gnoll. x2; You barely miss the gnoll.
The gnoll hits you with a +0 spear! You block the gnoll's attack. x2
The gnoll hits you with a +0 flail!
* * * LOW HITPOINT WARNING * * *
You block the gnoll's attack. The gnoll hits you with a +0 spear!
You die...

.. ....#........#.
.....#...#.........
....##..#.....#....
#..#..#..#..#...# .
#................ ...
#................
....####................
......g.g...............
......)@................
........g.##..>.........
...#...$.###............
. #.....# #............
#.....###...†.......
#.....+.............
#.....####..........
##....#......#......
....#...#.#####


You could see 3 gnolls.

Vanquished Creatures
  A gnoll (D:2)
  3 adders (D:2)
  2 dart slugs (D:2)
  3 bats (D:1)
  2 endoplasms
  5 hobgoblins
  5 kobolds
  A quokka (D:2)
  4 ball pythons
  2 rats (D:1)
28 creatures vanquished.

Vanquished Creatures (others)
  7 plants (D:1)
7 creatures vanquished.

Grand Total: 35 creatures vanquished

Notes
Turn   | Place    | Note
-------+----------+-------------------------------------------
     0 | D:1      | dave1331 the Troll Fighter began the quest for the Orb.
     0 | D:1      | Reached XP level 1. HP: 22/22 MP: 0/0
   297 | D:1      | Reached XP level 2. HP: 29/29 MP: 1/1
   813 | D:2      | Found a shimmering altar of Xom.
   898 | D:2      | Reached skill level 3 in Shields
   898 | D:2      | Reached XP level 3. HP: 25/36 MP: 2/2
  1190 | D:2      | Found a faded altar of an unknown god.
  1249 | D:2      | Slain by a gnoll

Illustrated notes

Levels and vault maps discovered:
D:1:      dpeg_arrival_more_subterranean_lakeside_camping, layout_basic,
          roderic_three_in_a_row, serial_bayou_lagoon_a
D:2:      minmay_chambers_of_ones, layout_basic, serial_shops, shop,
          basic_altar, hellmonk_ecumenical_altar_blasted

Skill      XL: |  1  2 |
---------------+-------+-----
Axes           | 2 |  2.4
Shields        | 3 |  3.1
Fighting       | |  2.7
Dodging        | |  2.7

Action                   || total
-------------------------++-------
Melee: War axe           ||    95
Armor: Robe              ||    51
Dodge: Dodged            ||    47
Block: Kite shield       ||    56
